 Dungeon Crawl Stone Soup version 0.22-a0-812-g4c1e2d5471 (webtiles) character file.

3162 RKaid the Skirmisher (level 9, 0/64 HPs)
             Began as an Octopode Summoner on July 23, 2018.
             Was an Initiate of Ru.
             Slain by a killer bee (10 damage)
             ... on level 8 of the Dungeon.
             The game lasted 00:54:01 (14779 turns).

RKaid the Skirmisher (Octopode Summoner)           Turns: 14779, Time: 00:54:02

Health: 0/64       AC:  3    Str:  7    XL:     9   Next: 94%
Magic:  13/20      EV: 13    Int: 20    God:    Ru [......]
Gold:   470        SH:  0    Dex: 11    Spells: 8/22 levels left

rFire    . . .     SeeInvis .   b - +1 morningstar (protect)
rCold    . . .     Gourm    .   (no shield)
rNeg     . . .     Faith    .   C - +2 hat
rPois    .         Spirit   .   (no amulet)
rElec    .         Reflect  .   (no ring)
rCorr    .         Harm     .   (no ring)
MR       .....                  (no ring)
Stlth    +++.......             (no ring)
HPRegen  0.20/turn              (no ring)
MPRegen  0.17/turn              (no ring)
                                (no ring)
                                (no ring)

@: about to teleport
A: almost no armour, stealthy swim, amphibious, 8 rings, constrict 8, camouflage
1, clumsy 1, gelatinous body 1
a: Renounce Religion


You were on level 8 of the Dungeon.
You worshipped Ru.
Ru was noncommittal.
You were not hungry.

You visited 2 branches of the dungeon, and saw 9 of its levels.
You also visited: Ossuary.

You collected 470 gold pieces.

Inventory:

Hand Weapons
 a - a +2 hunting sling of flaming
   (You found it on level 1 of the Dungeon)
 b - a +1 morningstar of protection (weapon)
   (You took it off an orc on level 4 of the Dungeon)
 r - a +0 spear
   (You found it on level 1 of the Dungeon)
 u - a +1 whip of freezing
   (You took it off Pikel on level 5 of the Dungeon)
Missiles
 q - 69 sling bullets
 s - 97 stones (quivered)
Armour
 C - a +2 hat (worn)
   (You found it on level 7 of the Dungeon)
Magical Staves
 e - an uncursed staff of air {rElec}
   (You found it on level 7 of the Dungeon)
Jewellery
 d - an uncursed amulet of guardian spirit {Spirit}
   (You found it on level 1 of the Dungeon)
Wands
 x - a wand of paralysis (1)
   (You found it on level 5 of the Dungeon)
 y - a wand of polymorph (7)
   (You found it in an ossuary)
 D - a wand of iceblast (7)
   (You found it on level 7 of the Dungeon)
Scrolls
 g - 3 scrolls of amnesia
 i - a scroll of summoning {unknown}
 l - a scroll of blinking {!r}
 o - 6 scrolls of remove curse
 p - 3 scrolls of fog
 t - a scroll of teleportation
 w - a scroll of fear
 G - a scroll of random uselessness {unknown}
Potions
 c - 4 potions of curing
 h - 2 potions of heal wounds
 j - 2 potions of invisibility
 k - 2 potions of degeneration {unknown}
 m - 2 potions of lignification {unknown}
 n - 2 potions of mutation {!q!q}
 v - a potion of magic {unknown}
 z - 2 potions of brilliance {unknown}
 A - 4 potions of flight
 B - 3 potions of haste {unknown}
 F - 2 potions of agility
Comestibles
 f - 10 rations
 E - a chunk of flesh


   Skills:
 - Level 7.5 Fighting
 + Level 3.4 Maces & Flails
 + Level 2.4 Dodging
 + Level 3.5 Stealth
 + Level 7.3 Spellcasting
 - Level 6.1 Summonings
 - Level 5.0 Air Magic


You had 8 spell levels left.
You knew the following spells:

 Your Spells              Type           Power        Failure   Level  Hunger
a - Summon Small Mammal   Summ           ####         1%          1    None
b - Call Imp              Summ           ####....     1%          2    None
c - Call Canine Familiar  Summ           ####....     2%          3    #......
d - Summon Lightning Spi  Summ/Air       ####....     9%          4    ###....
e - Summon Ice Beast      Ice/Summ       ###.....     26%         4    ###....

Your spell library contained the following spells:

 Spells                   Type           Power        Failure   Level  Hunger
 Magic Dart               Conj           #...         9%          1    None
 Apportation              Tloc           #.....       9%          1    None
 Iskenderun's Mystic Bla  Conj           #.......     65%         4    ###....
 Animate Skeleton         Necr           N/A          9%          1    None
 Spider Form              Tmut/Pois      #.........   26%         3    #......
 Blade Hands              Tmut           #.........   94%         5    #####..
 Ice Form                 Ice/Tmut       #.......     65%         4    ###....
 Confusing Touch          Hex            #.....       9%          1    None
 Sticks to Snakes         Tmut           #.......     14%         2    None
 Beastly Appendage        Tmut           #.....       9%          1    None
 Fulminant Prism          Conj/Hex       #.........   65%         4    ###....
 Dazzling Spray           Conj/Hex       #.....       26%         3    #......
 Force Lance              Conj/Tloc      #.......     65%         4    ###....
 Searing Ray              Conj           #.....       14%         2    None
 Summon Guardian Golem    Hex/Summ       ###.....     8%          3    #......


Dungeon Overview and Level Annotations

Branches:
Dungeon (8/15)             Temple (1/1) D:5
   Lair: D:8-11

Altars:
Ashenzari
Cheibriados
Dithmenos
Elyvilon
Fedhas
Gozag
Hepliaklqana
Kikubaaqudgha
Makhleb
Nemelex Xobeh
Okawaru
Qazlal
Ru
Sif Muna
Trog
Uskayaw
Vehumet
Wu Jian
Xom
Yredelemnul
Zin
The Shining One

Shops:
D:7 %%*%!

Annotations:
D:4 exclusion: Ijyb, Ijyb
D:8 exclusion: Joseph, Joseph


Innate Abilities, Weirdness & Mutations

You cannot wear most types of armour.
You are very stealthy in the water. (Stealth+)
You are amphibious.
You can wear up to eight rings at the same time.
You can use your tentacles to constrict eight enemies at once.
Your skin changes colour to match your surroundings (Stealth+).
You are clumsy. (Dex -2)
Your rubbery body absorbs attacks. (AC +1, EV +1)


Message History

You are poisoned.
The killer bee poisons you! The killer bee closely misses you.
Your +2 hunting sling of flaming stops flaming.
Your +1 morningstar of protection hums with potential!
b - a +1 morningstar of protection (weapon)
You feel sick. The killer bee closely misses you.
You closely miss the killer bee. Your grab misses the killer bee.
You feel sick. The killer bee misses you. x2
Your shadow imp barely misses the killer bee.
The killer bee stings you.
You are more poisoned.
The killer bee poisons you!
Casting: Call Imp (safe; 1% risk of failure)
Confirm with . or Enter, or press ? or * to list all spells.
A beastly little devil appears in a puff of flame.
You feel sick.
The killer bee buzzes angrily.
The killer bee stings you but does no damage.
Your shadow imp misses the killer bee.
The killer bee barely misses you. The killer bee misses you.
You hear an angry buzzing noise.
Casting: Call Imp (safe; 1% risk of failure)
Confirm with . or Enter, or press ? or * to list all spells.
You feel sick. The killer bee barely misses you. The killer bee misses you.
Your shadow imp misses the killer bee.
The killer bee stings you. x2
You feel sick.
The killer bee barely misses your shadow imp.
Your shadow imp hits the killer bee but does no damage.
The killer bee stings your crimson imp.
Your hound completely misses the killer bee.
Your crimson imp blinks!
The killer bee closely misses your shadow imp.
You sock the killer bee!
Your weapon exudes an aura of protection.
Your grab misses the killer bee.
You feel sick. The killer bee barely misses you.
The killer bee stings your shadow imp.
Your shadow imp dies!
The killer bee barely misses you.
Your hound closely misses the killer bee.
Your crimson imp blinks!
The killer bee closely misses you.
Your hound barely misses the killer bee.
Your crimson imp blinks!
You barely miss the killer bee. Your grab misses the killer bee.
You feel sick. The killer bee barely misses you.
The killer bee closely misses you.
Your hound misses the killer bee. The killer bee completely misses you.
Your crimson imp blinks!
The killer bee barely misses you.
Your hound closely misses the killer bee.
The killer bee stings you but does no damage.
Your crimson imp blinks!
You swap places.
You feel sick.
The killer bee barely misses your crimson imp.
The killer bee stings your crimson imp.
The killer bee completely misses your crimson imp.
Your hound misses the killer bee.
Your crimson imp misses the killer bee.
The killer bee stings your crimson imp.
The killer bee closely misses your crimson imp.
The killer bee completely misses your crimson imp.
Your hound misses the killer bee.
You feel sick. The killer bee misses your crimson imp.
The killer bee stings your crimson imp.
Your crimson imp dies!
Okay, then.
You miss the killer bee. Your grab misses the killer bee.
Your squeeze misses the killer bee.
You feel sick. The killer bee stings you.
Your hound barely misses the killer bee.
The killer bee stings you. The killer bee misses you.
Your hound misses the killer bee.
The killer bee stings you but does no damage.
Casting: Call Canine Familiar (safe; 2% risk of failure)
Confirm with . or Enter, or press ? or * to list all spells.
Aiming: Summon Lightning Spire (safe; 9% risk of failure)
Press: ? - help, Dir - move target cursor, p - killer bee An electric hum fills the air.
You feel sick. The killer bee stings you! The killer bee stings you.
The killer bee stings you!
* * * LOW HITPOINT WARNING * * *
You are more poisoned.
The killer bee poisons you!
Your hound misses the killer bee. The killer bee stings you!
* * * LOW HITPOINT WARNING * * *
You are lethally poisoned!
The killer bee poisons you! The killer bee closely misses you.
The killer bee misses you.
Your hound barely misses the killer bee.
You feel better. The killer bee barely misses you. x3
The killer bee misses you.
The killer bee stings you but does no damage.
Your hound misses the killer bee. The killer bee stings you.
* * * LOW HITPOINT WARNING * * *
As you read the scroll of teleportation, it crumbles to dust.
You feel strangely unstable. The killer bee closely misses you.
The killer bee misses you. The killer bee barely misses you.
Your hound misses the killer bee. The killer bee barely misses you.
Your crimson imp misses the killer bee.
The killer bee misses you. The killer bee stings you.
* * * LOW HITPOINT WARNING * * *
Your hound barely misses the killer bee.
The killer bee stings you!
You die...

#..#.......≈....####
#.>...............
###.##...........##.
..................#
..........÷........
..........≈≈≈......
....≈≈≈≈.5≈≈≈......
......≈8yy≈≈≈......
.......@.yy.≈..#...
.......####h...#...
#.....≈#/)'(...# .
#......#!#'.#..#
.....≈.#/.y...##
.......####.###
....... ..+ .%....#
#.+ ..+


You could see 4 killer bees, a friendly lightning spire, a friendly hound and a
friendly crimson imp.

Vanquished Creatures
  An ice beast (D:7)
  2 sky beasts (D:5)
  A phantom (D:4)
  A necrophage (D:7)
  2 centaurs
  4 ogres
  4 bullfrogs
  A scorpion (D:6)
  2 wights (D:6)
  2 crimson imps
  2 centaur zombies
  2 hounds
  3 jellies
  2 worker ants (D:6)
  An ogre zombie (Ossuary)
  A hound skeleton (D:8)
  4 mummies (Ossuary)
  A worker ant zombie (D:6)
  5 adders
  A howler monkey skeleton (D:4)
  7 adder zombies (Ossuary)
  2 worms
  A dart slug (D:2)
  6 leopard geckos
  6 orcs
  2 ball pythons
  5 giant cockroaches
  A gnoll zombie (Ossuary)
  9 goblins
  3 hobgoblins
  5 jackals
  6 quokkas
  7 bats
  5 frilled lizards
  3 hobgoblin zombies (Ossuary)
  A jackal zombie (D:6)
  3 kobolds
  5 kobold zombies (Ossuary)
  A quokka skeleton (D:4)
  6 quokka zombies
  A rat (D:1)
  4 rat zombies (Ossuary)
131 creatures vanquished.

Vanquished Creatures (collateral kills)
  Pikel (D:5)
  Sigmund (D:3)
  Eustachio (D:5)
  Menkaure (Ossuary)
  An ice beast (D:5)
  A phantom (D:5)
  A sky beast (D:6)
  5 ogres
  3 scorpions
  2 wights (D:6)
  3 electric eels
  2 centaur zombies (Ossuary)
  A crimson imp (D:6)
  3 hounds
  An iguana (D:4)
  An ogre zombie (Ossuary)
  2 mummies (Ossuary)
  11 adders
  2 worms
  3 leopard geckos
  3 orcs
  3 ball pythons
  4 bats
  A giant cockroach (D:3)
  3 goblins
  5 hobgoblins
  4 jackals (D:1)
  5 kobolds
  3 frilled lizards
  6 rats
83 creatures vanquished.

Vanquished Creatures (others)
  A slave (D:6)
  A howler monkey (D:8)
  An adder (D:8)
  A shadow imp (D:6)
  An orc (D:8)
  A jackal skeleton (D:8)
  A plant (D:8)
7 creatures vanquished.

Grand Total: 221 creatures vanquished

Notes
Turn   | Place    | Note
-------+----------+-------------------------------------------
     0 | D:1      | RKaid the Octopode Summoner began the quest for the Orb.
     0 | D:1      | Reached XP level 1. HP: 11/11 MP: 3/3
   524 | D:1      | Reached XP level 2. HP: 18/18 MP: 1/5
   537 | D:1      | Reached skill level 3 in Stealth
   655 | D:1      | Learned a level 2 spell: Call Imp
  1138 | D:1      | Reached XP level 3. HP: 19/22 MP: 6/6
  1153 | D:1      | Reached skill level 1 in Fighting
  1809 | D:2      | HP: 5/23 [poisoned by an adder]
  1817 | D:2      | HP: 4/23 [poisoned by an adder]
  2271 | D:2      | Reached XP level 4. HP: 18/28 MP: 4/7
  2300 | D:2      | HP: 7/28 [poisoned by an adder]
  2746 | D:2      | Learned a level 3 spell: Call Canine Familiar
  2920 | D:2      | Reached skill level 5 in Summonings
  3208 | D:3      | Noticed Sigmund
  3383 | D:3      | Noticed an ogre
  3399 | D:3      | Killed an ogre
  3399 | D:3      | Reached skill level 2 in Fighting
  3399 | D:3      | Reached XP level 5. HP: 34/34 MP: 2/9
  3690 | D:3      | Found a bloodstained altar of Trog.
  3690 | D:3      | Found a hazy altar of Hepliaklqana.
  3692 | D:3      | Found a burning altar of Makhleb.
  3692 | D:3      | Found a radiant altar of Vehumet.
  3694 | D:3      | Found a glowing golden altar of the Shining One.
  3701 | D:3      | Found a snail-covered altar of Cheibriados.
  3834 | D:3      | Reached skill level 3 in Spellcasting
  4133 | D:3      | Killed Sigmund
  4133 | D:3      | Reached XP level 6. HP: 37/41 MP: 2/10
  4602 | D:3      | HP: 8/41 [ogre/giant club (29)]
  4614 | D:3      | Reached skill level 6 in Summonings
  4915 | D:4      | Reached skill level 3 in Fighting
  5272 | D:4      | Noticed Ijyb
  5462 | D:4      | Reached XP level 7. HP: 41/46 MP: 5/12
  5662 | D:4      | Reached skill level 4 in Spellcasting
  5818 | D:4      | Reached skill level 4 in Fighting
  5844 | D:4      | You fall through a shaft!
  5844 | D:5      | Entered Level 5 of the Dungeon
  5845 | D:5      | Found a sand-covered staircase.
  6129 | Ossuary  | Entered an ossuary
  7007 | Ossuary  | Noticed Menkaure
  7043 | Ossuary  | Killed Menkaure
  7451 | Ossuary  | Reached skill level 5 in Spellcasting
  7494 | Ossuary  | Reached skill level 5 in Fighting
  7494 | Ossuary  | Reached XP level 8. HP: 25/55 MP: 11/15
  7847 | D:5      | Learned a level 4 spell: Summon Ice Beast
  7852 | D:5      | Learned a level 4 spell: Summon Lightning Spire
  7867 | D:5      | Found a glowing golden altar of the Shining One.
  8068 | D:5      | Noticed Eustachio
  8241 | D:5      | Killed Eustachio
  8241 | D:5      | Reached skill level 1 in Air Magic
  8567 | D:5      | Found a staircase to the Ecumenical Temple.
  8741 | Temple   | Entered the Ecumenical Temple
  8815 | Temple   | Became a worshipper of Ru the Awakened
  8895 | D:5      | HP: 14/57 [centaur (6)]
  8900 | D:5      | HP: 7/57 [centaur (5)]
  8911 | D:5      | Reached skill level 2 in Air Magic
  9365 | D:5      | Reached skill level 6 in Fighting
  9655 | D:5      | Reached skill level 6 in Spellcasting
 10437 | D:6      | Reached skill level 3 in Air Magic
 10900 | D:6      | Reached XP level 9. HP: 57/63 MP: 18/18
 11326 | D:6      | Noticed Pikel
 11356 | D:5      | Killed Pikel
 11356 | D:5      | Reached skill level 1 in Maces & Flails
 11356 | D:5      | Reached skill level 4 in Air Magic
 11904 | D:6      | Reached skill level 7 in Fighting
 12339 | D:6      | Gained mutation: You are clumsy. (Dex -2) [Ru sacrifice]
 12356 | D:6      | Reached skill level 2 in Maces & Flails
 12631 | D:6      | HP: 11/64 [wight/enchanted battleaxe (15)]
 12631 | D:6      | HP: 5/64 [wight/enchanted battleaxe (6)]
 12907 | D:7      | Found Zohyublu's Food Shoppe.
 13031 | D:7      | Found Ylopetot's General Store.
 13076 | D:7      | Reached skill level 7 in Spellcasting
 13267 | D:7      | Found Mannoluf's Distillery.
 13376 | D:7      | Found Xaonkaol's Food Boutique.
 13528 | D:7      | Found Zuonetama's Food Boutique.
 13613 | D:7      | Found a deep blue altar of Sif Muna.
 13615 | D:7      | Found an iron altar of Okawaru.
 13731 | D:8      | Reached skill level 3 in Maces & Flails
 13731 | D:8      | Reached skill level 5 in Air Magic
 13874 | D:8      | Noticed Joseph
 14445 | D:8      | HP: 11/64 [electric eel/bolt of electricity (15)]
 14776 | D:8      | HP: 10/64 [killer bee (8)]
 14779 | D:8      | Slain by a killer bee

Vault maps used:
D:1:      minmay_arrival_checkered_box, minmay_misc_feat_pillars
D:2:      kennysheep_six_static_rooms
D:3:      grunt_temple_overflow_open, first_ration, minmay_quantized,
          uniq_sigmund
D:4:      kennysheep_generic_room_14, uniq_ijyb
D:5:      temple_statues, enter_ossuary_1, tso_metal_star, uniq_eustachio
D:6:      uniq_pikel
D:7:      nicolae_overflow_hidden_temple, serial_shops, shop_statue,
          nicolae_shop_behind_doors, nicolae_shop_crystal,
          nicolae_shop_waterfront, shop, kennysheep_small_square
D:8:      minmay_blocky_corners, dpeg_oklobed_lair, serial_bayou,
          serial_bayou_ford_a, serial_bayou_pond_a, serial_bayou_pond_a,
          serial_bayou_pond_d, eino_jars, uniq_joseph
Temple:   nicolae_temple_great_sept
Ossuary:  ossuary_boxes_badplayer

Skill      XL: |  1  2  3  4  5  6  7  8  9 |
---------------+----------------------------+-----
Stealth        | 3 |  3.5
Fighting       | 1 2 3 5 6 7 |  7.5
Summonings     | 5 6 |  6.1
Spellcasting   | 3 5 6 7 |  7.3
Air Magic      | 3 5 |  5.0
Maces & Flails | 3 |  3.4
Dodging        | |  2.4

Action                   |  1- 3 |  4- 6 |  7- 9 || total
-------------------------+-------+-------+-------++-------
Melee: Unarmed           |    85 |    37 |       ||   122
       Constrict         |    26 |    13 |    23 ||    62
       Tentacles         |    14 |     5 |    19 ||    38
       Spear             |       |       |    50 ||    50
       Morningstar       |       |       |    97 ||    97
 Fire: Hunting sling     |       |    71 |   433 ||   504
 Cast: Summon Small Mamm |    28 |     6 |     1 ||    35
       Call Imp          |    13 |    11 |    42 ||    66
       Call Canine Famil |       |    15 |    22 ||    37
       Summon Lightning  |       |       |     4 ||     4
Invok: Sacrifice Purity  |       |       |     1 ||     1
Evoke: Wand              |       |       |     7 ||     7
  Use: Scroll            |       |       |    15 ||    15
       Potion            |       |       |     3 ||     3
 Stab: Sleeping          |     4 |     2 |     4 ||    10
       Distracted        |       |       |     1 ||     1
       Paralysed         |       |       |    10 ||    10
  Eat: Chunk             |     4 |     9 |    14 ||    27
       Ration            |       |     1 |     5 ||     6
Armor: Skin              |    21 |     9 |    34 ||    64
Dodge: Dodged            |    84 |    52 |   266 ||   402

Table legend:
 A = Spawn XP
 B = Non-spawn XP
 C = Spawn XP percentage of total XP
 D = Spawn monster count
 E = Non-spawn monster count
 F = Spawn count percentage of total count
 G = Total turns spent on level
                    A         B        C        D         E        F      G
               +---------+---------+-------+---------+---------+-------+---------
         Total |       0 |    4518 |   0.0 |       0 |     214 |   0.0 | 14779
               +---------+---------+-------+---------+---------+-------+---------
           D:1 |       0 |      44 |   0.0 |       0 |      33 |   0.0 |  1687
           D:2 |       0 |      82 |   0.0 |       0 |      28 |   0.0 |  1472
           D:3 |       0 |     377 |   0.0 |       0 |      27 |   0.0 |  1731
           D:4 |       0 |     327 |   0.0 |       0 |      13 |   0.0 |  1478
           D:5 |       0 |    1337 |   0.0 |       0 |      25 |   0.0 |  2891
           D:6 |       0 |     926 |   0.0 |       0 |      31 |   0.0 |  1860
           D:7 |       0 |     438 |   0.0 |       0 |       9 |   0.0 |   764
           D:8 |       0 |     579 |   0.0 |       0 |      11 |   0.0 |  1120
       Ossuary |       0 |     408 |   0.0 |       0 |      37 |   0.0 |  1691
               +---------+---------+-------+---------+---------+-------+---------

Table legend:
 A = Turns spent in this place as a percentage of turns spent in the entire game.
 B = Non-inter-level travel turns spent in this place as a percentage of non-inter-level travel turns spent in the entire game.
 C = Inter-level travel turns spent in this place as a percentage of turns spent in this place.
 D = Turns resting spent in this place as a percentage of non-inter-level travel turns spent in this place.
 E = Turns spent auto-exploring this place as a percentage of non-inter-level travel turns spent in this place.
 F = Non-inter-level travel turns spent in this place divided by the number of levels of this place that you've seen.
                   A       B       C       D       E      F
               +-------+-------+-------+-------+-------+----------------------
         Total | 100.0 | 100.0 |   3.4 |  45.5 |  27.5 | 1428.2
       Dungeon |  88.0 |  87.7 |   3.7 |  45.5 |  30.4 | 1565.1
        Temple |   0.6 |   0.5 |  17.6 |   0.0 |  72.9 |  70.0
       Ossuary |  11.4 |  11.8 |   0.0 |  48.0 |   3.8 | 1691.0
               +-------+-------+-------+-------+-------+----------------------

Table legend:
 A = Kills in this place as a percentage of kills in entire the game.
 B = Kills by you in this place as a percentage of kills by you in the entire game.
 C = Kills by friends in this place as a percentage of kills by friends in the entire game.
 D = Other kills in this place as a percentage of other kills in the entire game.
 E = Experience gained in this place as a percentage of experience gained in the entire game.
 F = Experience gained in this place divided by the number of levels of this place that you have seen.
                   A       B       C       D       E      F
               +-------+-------+-------+-------+-------+----------------------
         Total | 100.0 | 100.0 | 100.0 |   N/A | 100.0 | 451.8
       Dungeon |  82.7 |  76.3 |  92.8 |   N/A |  91.0 | 513.8
       Ossuary |  17.3 |  23.7 |   7.2 |   N/A |   9.0 | 408.0
               +-------+-------+-------+-------+-------+----------------------
